 Dungeon Crawl Stone Soup version 0.32-a0-656-g3542139ebd (webtiles) character file.

Game seed: 6721446963518430327

109 ragingrage the Shooter (level 5, -3/43 HPs)
             Began as a Kobold Hexslinger on Mar 8, 2024.
             Slain by an orc
             ... wielding a +2 heavy spear
              (5 damage)
             ... on level 3 of the Dungeon.
             The game lasted 00:01:45 (1972 turns).

ragingrage the Shooter (Kobold Hexslinger)          Turns: 1972, Time: 00:01:45

Health: -3/43      AC: 22    Str:  6    XL:     5   Next: 13%
Magic:  6/6        EV:  3    Int: 14    God:
Gold:   83         SH:  0    Dex: 25    Spells: 4/6 levels left

rFire   + . .        (weapon restricted)
rCold   + . .        (no shield)
rNeg    . . .        c - melded +0 robe
rPois   +            (helmet currently unavailable)
rElec   +            (cloak currently unavailable)
rCorr   +            (gloves currently unavailable)
SInv    .            j - melded +0 pair of boots
Will    .....        (no amulet)
Stlth   +++          i - ring of resist corrosion
HPRegen 0.27/turn    m - +6 ring of dexterity
MPRegen 0.10/turn

%: no passive effects
@: brilliant, tree-form (expiring), silenced, resistant
A: stationary, stasis, torment immunity, boosted hp, small, no large weapons,
nightstalker 3, evolution 1, inability to read after injury 1
a: no special abilities


You were on level 3 of the Dungeon.
You were a tree.
You visited 1 branch of the dungeon, and saw 3 of its levels.

You collected 83 gold pieces.

Inventory:

Hand Weapons
 a - a +1 sling
 k - a +0 dagger
Armour
 c - a +0 robe (melded)
 j - a +0 pair of boots (melded)
 o - a +0 pair of gloves
Jewellery
 i - a ring of resist corrosion (left branch)
 m - a +6 ring of dexterity (right branch)
Scrolls
 b - a scroll of poison
 e - a scroll of noise
 h - a scroll of identify
 n - 2 scrolls of teleportation
Potions
 d - a potion of lignification
 l - a potion of brilliance
 q - a potion of mutation


   Skills:
 - Level 1.1 Fighting
 + Level 5.2 Ranged Weapons
 - Level 2.4 Dodging
 - Level 3.0 Stealth
 - Level 1.1 Spellcasting
 + Level 3.4 Hexes
 - Level 1.0 Fire Magic


You had 4 spell levels left.
You knew the following spells:

 Your Spells              Type           Power      Damage    Failure   Level
a - Jinxbite              Hex            30%        N/A       10%         2

Your spell library contained the following spells:

 Spells                   Type           Power      Damage    Failure   Level
 Sigil of Binding         Hex            15%        N/A       19%         3
 Inner Flame              Hex/Fire       10%        N/A       30%         3
 Cause Fear               Hex            7%         N/A       54%         4
 Stone Arrow              Conj/Erth      2%         3d7       61%         3
 Dimensional Bullseye     Hex/Tloc       4%         N/A       77%         4
 Animate Armour           Summ/Erth      2%         N/A       95%         4
 Lehudib's Crystal Spear  Conj/Erth      0%         10d2      100%        8


Dungeon Overview and Level Annotations

Branches:
Dungeon (3/15)

Altars:

Annotations:
D:2 Terence


Innate Abilities, Weirdness & Mutations

You are a tree.
Your roots penetrate the ground, keeping you stationary.
You cannot be teleported.
You are immune to unholy pain and torment.
Your maximum health is greatly increased.
Your equipment is partially melded.
You are small and have problems with some larger weapons.
You are completely attuned to the shadows.
You have hidden genetic potential.
You occasionally lose the ability to read scrolls when taking damage.


Message History

You barely miss something. The orc hits you but does no damage. x2
The hobgoblin completely misses you. The orc completely misses you.
Something hits you but does no damage. The orc hits you but does no damage.
Okay, then.
You cannot move.
You cannot move.
You smack something!
The orc hits you with a +0 club.
* * * LOW HITPOINT WARNING * * *
The hobgoblin hits you.
* * * LOW HITPOINT WARNING * * *
The orc hits you but does no damage. x2; The orc barely misses you.
Something hits you but does no damage.
You miss something. The orc hits you but does no damage.
The hobgoblin hits you but does no damage.
Something hits you but does no damage. The orc hits you but does no damage. x2
You barely miss something. The orc hits you but does no damage. x2
The hobgoblin hits you but does no damage.
The orc hits you but does no damage. x2; Something hits you but does no damage.
You hit something. The orc hits you with a +0 club.
* * * LOW HITPOINT WARNING * * *
The hobgoblin hits you but does no damage.
The orc hits you but does no damage. The orc barely misses you.
Something hits you but does no damage. The orc hits you but does no damage.
You miss something. The orc hits you but does no damage.
The hobgoblin hits you but does no damage.
Something hits you but does no damage. The orc barely misses you.
The orc hits you but does no damage.
You hit something.
Your transformation is almost over.
The orc hits you but does no damage. x2; The hobgoblin hits you.
* * * LOW HITPOINT WARNING * * *
Something hits you but does no damage. The orc hits you but does no damage.
The orc hits you with a +0 club.
* * * LOW HITPOINT WARNING * * *
You hit something.
Reactivating autopickup.
You feel a bit more experienced. The orc hits you but does no damage.
The hobgoblin barely misses you. The orc hits you but does no damage. x2
The orc hits you from afar with a +2 heavy spear.
You die...

.#. ##
#.....'....
#.....####.
#....##
#...##
#..## ##'##
##..#
##..o######
#..oo♣)....
....og#####
.....o.####
......)....
####..#####
#..#
#..####
#......
#.#####


You could see 5 orcs and a hobgoblin.

Vanquished Creatures
  A bombardier beetle (D:3)
  An orc wizard (D:3)
  3 adders
  2 dart slugs
  2 orcs (D:3)
  7 ball pythons
  3 bats
  An endoplasm (D:1)
  4 giant cockroaches
  3 goblins
  A hobgoblin (D:1)
  2 jackals (D:2)
  2 quokkas
  4 frilled lizards (D:2)
  5 kobolds
  4 rats
45 creatures vanquished.

Notes
Turn   | Place    | Note
-------+----------+-------------------------------------------
     0 | D:1      | ragingrage the Kobold Hexslinger began the quest for the
                  | Orb.
     0 | D:1      | Reached XP level 1. HP: 12/12 MP: 2/2
   134 | D:1      | Reached skill level 3 in Ranged Weapons
   360 | D:1      | Reached XP level 2. HP: 16/16 MP: 3/3
   539 | D:1      | Reached skill level 4 in Ranged Weapons
   891 | D:2      | Reached XP level 3. HP: 20/20 MP: 4/4
   929 | D:2      | Reached skill level 1 in Stealth
   958 | D:2      | Noticed Terence
  1157 | D:2      | Learned a level 2 spell: Jinxbite
  1399 | D:2      | Reached XP level 4. HP: 22/25 MP: 0/5
  1735 | D:3      | Reached skill level 5 in Ranged Weapons
  1826 | D:3      | Reached XP level 5. HP: 29/29 MP: 3/6
  1953 | D:3      | Gained mutation: You occasionally lose the ability to read
                  | scrolls when taking damage. [potion of mutation]
  1953 | D:3      | Gained mutation: You have hidden genetic potential. [potion
                  | of mutation]
  1971 | D:3      | HP: 2/43 [orc/+0 club (1)]
  1972 | D:3      | Slain by an orc

Illustrated notes

Levels and vault maps discovered:
D:1:      scummos_arrival_simple_fountains, layout_basic
D:2:      layout_basic, uniq_sigmund, uniq_terence
D:3:      layout_loops_corners, mainiacjoe_overflow_alcove_2,
          mainiacjoe_overflow_paths, serial_bayou_pond_d, wad_orctagon,
          uniq_grinder

Skill      XL: |  1  2  3  4  5 |
---------------+----------------+-----
Ranged Weapons | 3 4 5 |  5.2
Stealth        | 2 3 |  3.0
Fighting       | |  1.1
Dodging        | |  2.4
Spellcasting   | |  1.1
Hexes          | |  3.4
Fire Magic     | |  1.0

Action                     |  1- 3 |  4- 6 || total
---------------------------+-------+-------++-------
  Melee: Unarmed           |       |    13 ||    13
         Sling             |       |     2 ||     2
   Fire: Sling             |    83 |    27 ||   110
   Cast: Jinxbite          |     3 |     5 ||     8
    Use: Potion            |       |     5 ||     5
         Scroll            |       |     3 ||     3
 Armour: Robe              |    22 |    15 ||    37
         Skin              |       |   103 ||   103
  Dodge: Dodged            |    25 |    37 ||    62

Table legend: (Time is in decaauts)
 A = Elapsed time spent in this place.
 B = Non-inter-level travel time spent in this place.
 C = Inter-level travel time spent in this place.
 D = Time resting spent in this place.
 E = Time spent auto-exploring this place.
 F = Levels seen in this place.
 G = Mean time per level.
                   A        B        C        D        E       F      G
               +--------+--------+--------+--------+--------+-----+--------+
         Total |   1994 |   1967 |     27 |     42 |   1568 |   3 |  664.7 |
       Dungeon |   1994 |   1967 |     27 |     42 |   1568 |   3 |  664.7 |
               +--------+--------+--------+--------+--------+-----+--------+

Top non-repeatable levels by time:
     D:1: 846 daAuts
     D:2: 736 daAuts
     D:3: 411 daAuts
